 Dungeon Crawl Stone Soup version 0.31-a0-851-g7ff8af7976 (webtiles) character file.

Game seed: 1867349074838185280

28 archon2 the Slasher (level 3, 28/28 HPs)
             Began as a Demonspawn Gladiator on Oct 7, 2023.
             Quit the game on level 1 of the Dungeon.
             The game lasted 00:01:24 (648 turns).

archon2 the Slasher (Demonspawn Gladiator)           Turns: 648, Time: 00:01:25

Health: 28/28      AC:  3    Str: 16    XL:     3   Next: 0%
Magic:  3/3        EV: 12    Int:  9    God:
Gold:   44         SH:  0    Dex: 14    Spells: 2/2 levels left

rFire   . . .        a - +0 long sword
rCold   . . .        (no shield)
rNeg    . . .        b - +0 leather armour
rPois   .            (helmet restricted)
rElec   .            (no cloak)
rCorr   .            (no gloves)
SInv    .            (no boots)
Will    .....        (no amulet)
Stlth   +            (no ring)
HPRegen 0.24/turn    (no ring)
MPRegen 0.08/turn

%: no passive effects
@: no status effects
A: antennae 1, ignite blood 1
a: no special abilities


You were on level 1 of the Dungeon.
You visited 1 branch of the dungeon, and saw 1 of its levels.

You collected 44 gold pieces.

Inventory:

Hand Weapons
 a - a +0 long sword (weapon)
Missiles
 d - 3 throwing nets (quivered)
 e - a javelin
Armour
 b - a +0 leather armour (worn)
 c - a +0 helmet
Jewellery
 f - a ring of positive energy
Potions
 g - a potion of degeneration {unknown}
 h - a potion of magic {unknown}


   Skills:
 + Level 2.4 Fighting
 * Level 3.3 Long Blades
 - Level 1.7 Throwing
 + Level 3.0 Dodging


You had 2 spell levels left.
You didn't know any spells.
Your spell library was empty.

Dungeon Overview and Level Annotations

Branches:
Dungeon (1/15)

Altars:


Innate Abilities, Weirdness & Mutations

You have a pair of small antennae on your head.
Your demonic aura sometimes causes spilled blood to erupt in flames.


Message History

You see here a frilled lizard corpse.
You start resting.
HP restored.
You start resting.
HP restored.
Things that are here:
a +0 dagger; 2 stones; a kobold corpse You see here a +0 spear.
Things that are here:
a +0 dagger; 2 stones; a kobold corpse You open the door.
There is an open door here.
You open the door.
There is an open door here.
You open the door.
There is an open door here.
You open the door.
There is an open door here.
A bat comes into view.
A bat is nearby!
The bat closely misses you.
You closely miss the bat. The bat hits you but does no damage. x2
You slash the bat!
You kill the bat!
No target in view!
No target in view!
An endoplasm comes into view.
The endoplasm quivers.
An endoplasm is nearby!
You hit the endoplasm.
You kill the endoplasm!
You have reached level 3!
Your experience leads to an increase in your attributes!
Increase (S)trength, (I)ntelligence, or (D)exterity?
You feel stronger. x2
You feel monstrous as your demonic heritage exerts itself.
Your demonic ancestry asserts itself...
A pair of antennae grows on your head!
Your +0 helmet falls away!
Are you sure you want to abandon this character and quit the game? (Confirm with "yes".)

#.#.#.#.#####...#...##
.###+###
#.#.#.#....####.#.####....#
#.#...#.##..# #...# ..####
#.#####.###.#########.##
#.......# #...#####...#
#####.# ###.#####. ## #.#
#..)#####. #.###.#########
#.##..# #.@.# #....####.#.#
#.#####...#... #.#
#..#####..# #.# #.## #.#
#.####.#######.#
#............. #
##############


There were no monsters in sight!

Vanquished Creatures
  A dart slug (D:1)
  3 endoplasms (D:1)
  2 giant cockroaches (D:1)
  A goblin (D:1)
  2 hobgoblins (D:1)
  4 kobolds (D:1)
  4 ball pythons (D:1)
  5 bats (D:1)
  2 frilled lizards (D:1)
  A rat (D:1)
25 creatures vanquished.

Notes
Turn   | Place    | Note
-------+----------+-------------------------------------------
     0 | D:1      | archon2 the Demonspawn Gladiator began the quest for the
                  | Orb.
     0 | D:1      | Reached XP level 1. HP: 16/16 MP: 1/1
   171 | D:1      | Gained mutation: Your demonic aura sometimes causes spilled
                  | blood to erupt in flames. [demonic ancestry]
   171 | D:1      | Reached XP level 2. HP: 22/22 MP: 2/2
   648 | D:1      | Discovered your monstrous ancestry.
   648 | D:1      | Gained mutation: You have a pair of small antennae on your
                  | head. [demonic ancestry]
   648 | D:1      | Reached XP level 3. HP: 28/28 MP: 3/3
   648 | D:1      | Quit the game

Illustrated notes

Levels and vault maps discovered:
D:1:      matt_arrival_los_fun, layout_basic, serial_co_window_serial,
          co_window_paths_a, co_window_of_opportunity_a, co_window_corner_a,
          co_window_of_opportunity_a, co_window_paths_a, co_window_paths_b,
          co_window_corner_a, co_window_broadway_c, co_window_corner_b,
          co_window_broadway_b, co_window_sun, chequers_arboretum,
          minmay_misc_feat_doors, minmay_tromino_v7

Skill      XL: |  1  2 |
---------------+-------+-----
Long Blades    | 3 |  3.3
Dodging        | 3 |  3.0
Fighting       | |  2.4
Throwing       | |  1.7

Action                     || total
---------------------------++-------
  Melee: Long sword        ||    86
 Armour: Leather armour    ||    70
  Dodge: Dodged            ||    83

Table legend: (Time is in decaauts)
 A = Elapsed time spent in this place.
 B = Non-inter-level travel time spent in this place.
 C = Inter-level travel time spent in this place.
 D = Time resting spent in this place.
 E = Time spent auto-exploring this place.
 F = Levels seen in this place.
 G = Mean time per level.
                   A        B        C        D        E       F      G
               +--------+--------+--------+--------+--------+-----+--------+
         Total |    669 |    669 |      0 |     63 |    410 |   1 |  669.0 |
       Dungeon |    669 |    669 |      0 |     63 |    410 |   1 |  669.0 |
               +--------+--------+--------+--------+--------+-----+--------+

Top non-repeatable levels by time:
     D:1: 669 daAuts
